 Dungeon Crawl Stone Soup version 0.20.1-1-g8b1a95d (console) character file.

602 umrok the Covert (level 7, 0/46 HPs)
             Began as a Vampire Wizard on Aug 29, 2017.
             Slain by an adder (2 damage)
             ... on level 5 of the Dungeon.
             The game lasted 00:06:12 (2930 turns).

umrok the Covert (Vampire Wizard)                   Turns: 2930, Time: 00:06:13

Health: 0/46       AC:  8    Str:  4    XL:     7   Next: 18%
Magic:  10/11      EV: 17    Int: 22    God:
Gold:   162        SH:  0    Dex: 18    Spells: 9/12 levels left

rFire    + . .     SeeInvis +   u - +0 short sword (drain)
rCold    . . .     Gourm    .   (no shield)
rNeg     + . .     Faith    .   v - +3 leather armour {rF+}
rPois    .         Spirit   .   b - +0 hat
rElec    .         Reflect  .   x - +1 cloak {MR+}
rCorr    .         Harm     .   (no gloves)
MR       +....                  (no boots)
Stlth    +++++.....             (no amulet)
Regen    0.2/turn               e - -2 ring of strength (curse)
MPRegen  0.2/turn               m - ring of flight

@: agile
A: fangs 3, see invisible, unbreathing
a: Bat Form, Evoke Flight


You were on level 5 of the Dungeon.
You were not thirsty.

You visited 1 branch of the dungeon, and saw 5 of its levels.

You collected 162 gold pieces.

Inventory:

Hand Weapons
 g - a +0 short sword
 j - a +1 mace of holy wrath
 p - a +0 short sword of draining
 u - a +0 short sword of draining (weapon)
 y - a +4 quarterstaff of chaos
Missiles
 r - 6 curare-tipped needles
Armour
 a - a +0 robe
 b - a +0 hat (worn)
 v - a +3 leather armour of fire resistance (worn)
 x - a +1 cloak of magic resistance (worn)
Jewellery
 e - a cursed -2 ring of strength (left hand)
 m - a ring of flight (right hand)
Scrolls
 f - a scroll of enchant weapon {unknown}
 i - 2 scrolls of identify {unknown}
 k - 3 scrolls of remove curse {unknown}
 l - 3 scrolls of magic mapping {unknown}
 n - 2 scrolls of amnesia {unknown}
 o - 2 scrolls of enchant armour {unknown}
 q - a scroll of recharging {unknown}
 s - 2 scrolls of teleportation {unknown}
Potions
 d - 6 potions of blood
 h - a potion of heal wounds
Books
 c - a book of Minor Magic

   Spells                             Type                      Level
   a - Magic Dart                     Conjuration                  1
   b - Blink                          Translocation                2
   c - Call Imp                       Summoning                    2
   d - Slow                           Hexes                        2
   e - Conjure Flame                  Conjuration/Fire             3
   f - Mephitic Cloud                 Conjuration/Poison/Air       3


   Skills:
 + Level 5.3 Short Blades
 - Level 2.1 Dodging
 + Level 9.6 Stealth
 - Level 3.0 Spellcasting
 - Level 0.6 Conjurations
 - Level 1.0 Summonings
   Level 0.7 Translocations


You had 9 spell levels left.
You knew the following spells:

 Your Spells              Type           Power        Failure   Level  Hunger
a - Magic Dart            Conj           #...         17%         1    None
b - Call Imp              Summ           #.......     22%         2    ##.....


Dungeon Overview and Level Annotations

Branches:
Dungeon (5/15)
 Temple: D:4-7

Altars:
Yredelemnul


Innate Abilities, Weirdness & Mutations

You have razor-sharp teeth.
You have supernaturally acute eyesight. (SInv)
You can survive without breathing.


Message History

The orc priest is heavily wounded.
The leopard gecko bites you but does no damage.
The adder closely misses you.
The orc priest hits you but does no damage.
The leopard gecko misses you.
Unknown command.
You closely miss the orc priest.
The orc priest is heavily wounded.
The adder bites you but does no damage. The leopard gecko misses you.
The leopard gecko bites you.
* * * LOW HITPOINT WARNING * * *
You hit the orc priest. You drain the orc priest!
The orc priest is severely wounded.
The adder completely misses you. The leopard gecko closely misses you.
The orc priest misses you. The leopard gecko barely misses you.
Unknown command.
You barely miss the orc priest.
The orc priest is severely wounded.
The adder bites you.
You die...

..# ..##.#
..#####......#.#
.......... ..#.#
..######+###...#
..'..).# ..##..#
..####.#
#.##..###### ..#
#.# #.###......###
..#
#.###.....l......#
###
#..........@.....#
######....loS....#
#...........#
#...........#
#...........#
#...........#
#......)....#
#...........#


You could see an orc priest, an adder and 2 leopard geckos.

Vanquished Creatures
  The ghost of BGT the Digger, an amateur GrEE (D:4)
  Duvessa (D:4)
  Dowan (D:4)
  2 hounds
  Crazy Yiuf (D:4)
  An orc priest (D:4)
  An orc wizard (D:3)
  2 iguanas
  A worker ant (D:4)
  6 adders
  An ooze (D:2)
  A worm (D:3)
  2 dart slugs
  A leopard gecko (D:1)
  9 orcs
  A ball python (D:3)
  2 bats
  2 giant cockroaches
  7 goblins
  5 hobgoblins
  4 jackals (D:3)
  2 quokkas (D:2)
  4 frilled lizards
  5 kobolds
  5 rats
68 creatures vanquished.

Notes
Turn   | Place    | Note
-------+----------+-------------------------------------------
     0 | D:1      | umrok the Vampire Wizard began the quest for the Orb.
     0 | D:1      | Reached XP level 1. HP: 13/13 MP: 4/4
   159 | D:1      | Reached skill level 4 in Stealth
   281 | D:1      | Reached XP level 2. HP: 14/19 MP: 1/6
   565 | D:2      | Learned a level 2 spell: Call Imp
   586 | D:2      | Reached skill level 5 in Stealth
   718 | D:2      | Reached XP level 3. HP: 12/24 MP: 2/7
   886 | D:2      | Reached skill level 1 in Short Blades
  1243 | D:3      | Reached skill level 6 in Stealth
  1246 | D:3      | Reached XP level 4. HP: 20/30 MP: 8/8
  1735 | D:3      | Reached skill level 7 in Stealth
  1735 | D:3      | Reached XP level 5. HP: 26/35 MP: 2/9
  1774 | D:4      | Found a runed door.
  1925 | D:4      | Noticed BGT's ghost (amateur GrEE)
  1952 | D:4      | Killed BGT's ghost
  1952 | D:4      | Reached skill level 8 in Stealth
  1952 | D:4      | Reached XP level 6. HP: 19/41 MP: 0/10
  2081 | D:4      | Found a basalt altar of Yredelemnul.
  2386 | D:4      | Noticed Duvessa
  2386 | D:4      | Noticed Dowan
  2391 | D:4      | Killed Duvessa
  2391 | D:4      | Reached skill level 9 in Stealth
  2407 | D:4      | Killed Dowan
  2454 | D:4      | Reached skill level 5 in Short Blades
  2454 | D:4      | Reached XP level 7. HP: 32/46 MP: 11/11
  2736 | D:4      | Noticed Crazy Yiuf
  2740 | D:4      | Killed Crazy Yiuf
  2797 | D:5      | Entered Level 5 of the Dungeon
  2928 | D:5      | HP: 2/46 [leopard gecko (3)]
  2930 | D:5      | Slain by an adder

Skill      XL: |  1  2  3  4  5  6 |
---------------+-------------------+-----
Stealth        | 4 5 6 7 8 9 |  9.6
Short Blades   | 1 2 3 5 |  5.3
Dodging        | |  2.1
Spellcasting   | |  3.0
Conjurations   | |  0.6
Summonings     | |  1.0
Translocations | |  0.7

Action                   |  1- 3 |  4- 6 |  7- 9 || total
-------------------------+-------+-------+-------++-------
Melee: Short sword       |    63 |   102 |    41 ||   206
       Bite              |     4 |     8 |     3 ||    15
 Cast: Magic Dart        |    54 |    34 |    11 ||    99
       Call Imp          |       |     3 |       ||     3
  Use: Potion            |       |     6 |     4 ||    10
 Stab: Sleeping          |     7 |     7 |     1 ||    15
Armor: Robe              |    10 |    16 |       ||    26
       Leather armour    |       |       |    20 ||    20
Dodge: Dodged            |    50 |    64 |    48 ||   162
